Map: Lightshade LE

Players

Dark - Winner!

  • Race: Zerg Zerg

HeroMarine

  • Race: Terran Terran

Event: TSL 7

VOD

Have the link to the VOD?

Description

Time

  • Played on: June 20, 2021, 9:19 a.m.
  • Length: 15:33

All games in this series

Show
View Real Time Build Order
Export as new Build Order

Dark Zerg - Winner!

Build Orders: Hatch First 

Get SALT Encoding   

  12  0:00  Drone  
  13  0:13  Overlord  
  14  0:21  Drone  
  14  0:31  Drone x2  
  16  0:50  Hatchery  
  16  0:53  Drone  
  16  0:56  Drone  
  17  1:01  Drone  
  18  1:11  Extractor  
  17  1:16  Spawning Pool  
  16  1:20  Drone  
  16  1:22  Drone  
  18  1:31  Drone  
  19  1:40  Drone  
  20  1:52  Drone  
  21  2:03  Queen x2, Zergling x2  
  21  2:04  Zergling x2  
  27  2:13  Zergling x2  
  27  2:14  Overlord  
  28  2:25  Hatchery  
  27  2:32  Drone x2  
  29  2:38  Queen  
  29  2:39  Drone  
  32  2:46  Overlord  
  32  2:48  Drone  
  32  2:50  Drone  
  34  2:55  Drone x2  
  36  3:01  Metabolic Boost  
  36  3:05  Overlord  
  36  3:07  Drone  
  36  3:12  Drone x2  
  39  3:14  Drone  
  39  3:19  Drone x2  
  42  3:21  Drone  
  42  3:25  Queen  
  45  3:28  Drone  
  46  3:38  Queen, Overlord  
  48  3:43  Queen  
  50  3:49  Drone x5  
  50  3:52  Overlord  
  55  3:58  Zergling x4  
  55  4:01  Drone x2  
  59  4:03  Drone x2  
  59  4:06  Drone x2  
  59  4:08  Extractor  
  62  4:10  Queen  
  62  4:12  Drone  
  65  4:17  Drone x3  
  65  4:23  Zergling x4  
  70  4:24  Drone x3  
  70  4:26  Drone  
  74  4:31  Evolution Chamber  
  74  4:32  Evolution Chamber  
  74  4:37  Drone x2  
  73  4:39  Overlord  
  73  4:43  Spore Crawler  
  72  4:46  Drone x3, Spore Crawler  
  72  4:47  Spore Crawler  
  72  4:51  Spore Crawler  
  72  4:54  Drone x2  
  72  4:57  Zerg Melee Weapons Level 1  
  72  4:58  Zerg Ground Armor Level 1  
  75  5:00  Drone x4  
  75  5:04  Queen  
  80  5:10  Overlord  
  80  5:17  Overlord  
  80  5:21  Extractor, Overlord  
  80  5:22  Extractor  
  80  5:24  Overlord  
  80  5:26  Overlord  
  78  5:28  Lair  
  78  5:30  Drone x2  
  78  5:31  Drone x2  
  78  5:34  Baneling Nest  
  81  5:36  Drone  
  81  5:37  Drone x2  
  84  5:47  Zergling x14  
  91  5:56  Drone  
  88  6:01  Drone x4  
  90  6:10  Drone x2, Hatchery  
  91  6:12  Zergling x6  
  94  6:19  Hatchery  
  94  6:25  Zergling x8  
  97  6:29  Zergling x2  
  97  6:30  Centrifical Hooks  
  97  6:32  Overseer  
  98  6:33  Overlord  
  98  6:38  Drone x2  
  100  6:41  Hatchery, Infestation Pit  
  100  6:44  Zergling x18  
  107  6:50  Zergling x4  
  109  6:56  Zergling x2  
  109  6:59  Zerg Ground Armor Level 2, Zerg Melee Weapons Level 2  
  109  7:00  Drone  
  109  7:01  Drone  
  112  7:09  Zergling x4  
  112  7:11  Zergling x2  
  112  7:12  Zergling x4  
  116  7:18  Zergling x4  
  111  7:28  Zergling x8  
  98  7:30  Baneling  
  98  7:31  Baneling x3  
  98  7:33  Zergling x12  
  99  7:40  Zergling x10  
  98  7:47  Zergling x8  
  102  7:55  Zergling x10  
  103  8:00  Zergling x4  
  103  8:03  Spore Crawler  
  102  8:08  Zergling x10  
  100  8:14  Overseer  
  100  8:15  Queen x5  
  100  8:16  Zergling x14  
  100  8:17  Baneling x6  
  111  8:21  Zergling x6  
  111  8:25  Zergling x4  
  104  8:27  Baneling x4  
  104  8:28  Baneling  
  104  8:29  Zergling x4  
  104  8:30  Baneling  
  104  8:31  Baneling  
  104  8:32  Overseer  
  104  8:33  Zergling x4  
  107  8:40  Zergling x8  
  110  8:42  Zergling x8  
  110  8:43  Baneling x8  
  110  8:46  Zergling x2  
  106  8:52  Zergling x8  
  83  9:03  Zergling x2  
  83  9:04  Zergling x14  
  83  9:08  Zergling x4  
  84  9:11  Baneling  
  84  9:12  Baneling, Queen x2  
  84  9:13  Zergling x10  
  84  9:14  Zergling x2  
  84  9:16  Baneling x4  
  93  9:18  Zergling x2  
  93  9:21  Drone x3  
  93  9:23  Drone  
  98  9:27  Drone x4  
  98  9:28  Drone  
  98  9:30  Zergling x4  
  105  9:32  Baneling  
  105  9:33  Baneling  
  105  9:34  Baneling x3  
  105  9:35  Baneling  
  105  9:41  Zergling x10  
  105  9:45  Zergling x6  
  113  9:46  Baneling x2  
  113  9:47  Baneling  
  109  9:57  Zergling x18  
  111  10:00  Baneling  
  111  10:01  Baneling  
  111  10:03  Zergling x8  
  115  10:11  Zergling x8  
  116  10:18  Overlord x2  
  116  10:26  Hive  
  115  10:29  Baneling x4  
  115  10:30  Hatchery, Baneling x2  
  115  10:31  Burrow  
  115  10:33  Baneling x4  
  109  10:43  Zergling x30  
  109  10:44  Zergling x4  
  108  11:05  Zergling x2  
  108  11:06  Zergling x32  
  108  11:11  Drone x2  
  124  11:15  Drone  
  114  11:23  Zergling x12  
  114  11:24  Baneling x3  
  114  11:25  Baneling x4  
  116  11:26  Baneling x4  
  116  11:28  Zergling x6  
  116  11:31  Drone  
  116  11:36  Drone x2  
  116  11:37  Baneling x2  
  117  11:42  Zergling x10  
  117  11:43  Baneling x3  
  117  11:44  Baneling x2  
  121  11:47  Drone  
  121  11:48  Drone x3  
  123  11:54  Zergling x10  
  123  11:57  Zerg Melee Weapons Level 3, Zerg Ground Armor Level 3  
  123  11:59  Zergling x6  
  123  12:01  Baneling x2  
  123  12:03  Zergling x2  
  123  12:06  Zergling x10  
  119  12:11  Zergling x8  
  112  12:16  Hatchery  
  112  12:19  Zergling x2  
  112  12:21  Zergling x10  
  114  12:28  Zergling x4  
  113  12:32  Drone x3  
  114  12:39  Zergling x4  
  114  12:40  Zergling x2  
  114  12:41  Overlord  
  109  12:58  Baneling Nest  
  109  12:59  Queen  
  103  13:05  Queen  
  103  13:09  Adrenal Glands  
  100  13:17  Queen  
  101  13:21  Queen  
  101  13:23  Overlord x2  
  98  13:30  Queen  
  96  13:35  Queen, Spore Crawler x2  
  80  13:41  Drone x12, Queen, Zergling x24  
  90  13:58  Zergling x2  
  83  14:03  Zergling x6  
  83  14:05  Zergling x4  
  58  14:18  Zergling x8  
  58  14:20  Zergling x2  
  58  14:23  Baneling  
  58  14:24  Baneling x2  
  53  14:41  Zergling x2  
Show
View Real Time Build Order
Export as new Build Order

HeroMarine Terran 

Build Orders: Reaper Expand, Hellion Banshee 

Get SALT Encoding   

  12  0:00  SCV  
  13  0:12  SCV  
  14  0:17  Supply Depot  
  14  0:24  SCV  
  15  0:38  SCV  
  15  0:40  Barracks  
  16  0:43  Refinery  
  16  0:50  SCV  
  17  1:02  SCV  
  18  1:15  SCV  
  19  1:27  Reaper  
  19  1:28  Orbital Command  
  20  1:38  Command Center  
  20  1:49  Supply Depot  
  20  1:53  SCV  
  21  1:59  Marine  
  22  2:05  SCV  
  23  2:09  Factory  
  23  2:17  SCV  
  23  2:20  Barracks Reactor  
  25  2:30  SCV  
  25  2:38  Command Center  
  25  2:42  SCV  
  26  2:50  Orbital Command  
  26  2:54  SCV  
  27  3:01  Starport  
  27  3:06  SCV  
  27  3:07  Refinery  
  27  3:09  Hellion  
  30  3:16  Hellion  
  30  3:18  SCV x2  
  34  3:20  Barracks Tech Lab  
  34  3:30  SCV x2, Hellion  
  38  3:37  Hellion  
  40  3:42  SCV x2  
  40  3:46  Banshee  
  45  3:50  Orbital Command  
  45  3:53  Hellion  
  45  3:54  SCV x2  
  49  3:59  Supply Depot  
  49  4:00  Hellion, Marine  
  52  4:06  SCV  
  53  4:11  SCV, Cloaking Field  
  54  4:17  SCV  
  54  4:18  SCV  
  54  4:23  SCV, Hellion x2  
  54  4:24  Barracks Tech Lab  
  61  4:29  SCV  
  61  4:31  SCV  
  63  4:32  Banshee  
  63  4:36  SCV, Supply Depot  
  67  4:41  SCV  
  67  4:42  Supply Depot  
  67  4:43  SCV, Stimpack  
  69  4:55  Orbital Command  
  69  4:57  Factory Reactor, Marine  
  69  4:58  SCV x2  
  72  5:00  Barracks x2  
  72  5:05  Supply Depot  
  72  5:10  Refinery, SCV  
  72  5:11  Engineering Bay  
  72  5:12  Refinery, Engineering Bay  
  72  5:13  SCV  
  74  5:15  Marine  
  74  5:21  SCV  
  76  5:22  SCV  
  76  5:26  SCV  
  76  5:28  Supply Depot  
  78  5:33  SCV, Marine  
  78  5:34  SCV  
  79  5:38  SCV, Starport Reactor  
  79  5:40  Terran Infantry Armor Level 1, Terran Infantry Weapons Level 1  
  79  5:41  Supply Depot  
  80  5:44  Supply Depot  
  80  5:45  SCV  
  80  5:46  SCV  
  80  5:49  Siege Tank  
  85  5:50  SCV  
  85  5:51  Marine  
  87  5:57  SCV  
  87  5:58  SCV  
  87  6:01  Marine x4  
  87  6:02  SCV  
  94  6:09  SCV, Marine  
  94  6:10  SCV, Barracks  
  97  6:12  Barracks  
  97  6:14  SCV  
  98  6:18  Marine, Supply Depot  
  98  6:19  Marine x3  
  98  6:21  SCV  
  98  6:23  Combat Shield  
  98  6:24  SCV  
  104  6:26  SCV, Marine, Medivac x2, Siege Tank  
  113  6:33  Supply Depot  
  113  6:34  Supply Depot  
  113  6:35  Supply Depot  
  113  6:36  Refinery, Marine x3  
  113  6:37  Marine  
  117  6:44  Marine  
  117  6:45  SCV  
  117  6:46  SCV  
  120  6:47  SCV  
  121  6:54  Marine x4  
  121  6:57  Medivac x2  
  121  6:58  Siege Tank  
  132  7:01  Barracks Reactor  
  132  7:02  Marine, Supply Depot  
  132  7:04  Supply Depot  
  132  7:05  Barracks Reactor  
  133  7:12  Marine x4  
  137  7:15  Barracks  
  137  7:16  Barracks  
  137  7:20  Marine  
  129  7:28  SCV x3  
  117  7:30  Marine x4  
  113  7:38  Marine  
  113  7:40  SCV  
  112  7:44  Marine  
  112  7:46  Marine  
  112  7:47  Armory, Marine  
  112  7:48  Marine x3  
  112  7:49  Marine  
  119  7:54  SCV x2  
  119  7:55  Marine  
  119  7:56  SCV, Marine  
  122  8:02  Marine  
  122  8:04  Marine  
  124  8:05  Marine x2  
  124  8:06  SCV, Marine x3  
  124  8:10  Siege Tank  
  127  8:13  Marine  
  127  8:14  Marine  
  129  8:20  Marine  
  129  8:22  Hellion x3, Marine  
  129  8:23  SCV x2, Marine x3  
  129  8:24  SCV, Marine x2  
  138  8:31  Marine, Medivac x2  
  138  8:32  Marine  
  144  8:35  SCV  
  144  8:37  Marine  
  144  8:39  Marine  
  144  8:41  Marine x2  
  147  8:43  Marine x2  
  147  8:46  Marine  
  147  8:48  Siege Tank  
  145  8:49  Terran Infantry Weapons Level 2, Marine  
  145  8:50  Terran Infantry Armor Level 2, Marine  
  128  8:55  Marine  
  128  8:57  Marine  
  128  8:59  Marine x2  
  128  9:00  SCV x3  
  128  9:01  Marine x2  
  117  9:03  Marine  
  117  9:07  Marine  
  117  9:08  Marine  
  105  9:12  SCV x2  
  105  9:13  SCV, Marine  
  105  9:15  Marine  
  105  9:17  Marine x2  
  106  9:19  Marine x2  
  106  9:21  Marine  
  106  9:23  Orbital Command, Siege Tank  
  106  9:24  Marine, Liberator  
  113  9:27  Medivac  
  113  9:29  SCV x2  
  113  9:31  Marine  
  122  9:34  Marine  
  122  9:35  Marine x2  
  122  9:38  Marine x3  
  127  9:39  Marine  
  127  9:41  SCV  
  127  9:42  Marine  
  131  9:49  Marine  
  131  9:51  Marine  
  131  9:52  Marine  
  131  9:53  Marine  
  131  9:56  Marine x3  
  131  9:57  Medivac  
  131  9:58  Marine  
  132  10:00  Marine  
  133  10:08  Marine  
  133  10:18  Supply Depot  
  133  10:19  Marine x3  
  133  10:20  Marine, Medivac, Siege Tank  
  133  10:21  Supply Depot  
  142  10:23  SCV x2  
  142  10:24  SCV  
  142  10:25  Marine  
  142  10:26  Marine  
  146  10:32  Marine x2  
  146  10:34  Marine  
  149  10:38  Marine x2  
  149  10:44  Marine  
  149  10:45  Marine x3  
  153  10:50  Marine x2  
  153  10:51  Marine, Medivac x2  
  153  10:52  Siege Tank  
  153  10:55  Marine x2  
  162  11:02  Marine x2  
  162  11:03  Marine x2  
  133  11:08  Marine x2  
  133  11:09  Marine  
  133  11:11  SCV x2  
  133  11:13  SCV, Marine x2  
  129  11:20  Marine x3  
  129  11:21  Liberator x2, Marine  
  129  11:23  SCV  
  137  11:25  Marine  
  137  11:26  Marine  
  137  11:29  Marine  
  137  11:31  Marine  
  141  11:36  Marine  
  141  11:38  Marine  
  141  11:39  Supply Depot  
  141  11:40  Supply Depot  
  141  11:42  Marine x3, Supply Depot  
  141  11:43  Marine, Supply Depot  
  141  11:45  Marine  
  146  11:47  Marine  
  146  11:49  Widow Mine, Drilling Claws  
  149  11:57  Marine x3  
  149  11:59  Marine x2  
  149  12:00  Marine  
  144  12:01  Marine  
  144  12:03  Marine  
  144  12:05  Marine  
  99  12:13  Orbital Command x2  
  99  12:15  Marine x2  
  87  12:19  Marine x2  
  87  12:22  Marine  
  80  12:33  Marine  
  68  12:44  Orbital Command  
  68  12:48  Marine  
  68  12:49  Marine  
  61  12:56  Marine  
  62  13:04  Marine x2  
  63  13:10  Marine  
  63  13:11  Marine  
  57  13:14  Marine  
  57  13:17  Marine  
  59  13:22  Marine  
  58  13:36  Marine  
  54  13:46  Orbital Command  
  51  14:15  Marine  
  34  14:28  Orbital Command  
  29  14:49  Orbital Command  
Tags
 
Add a new tag
Caveats
  • Supply blocks, unpowered buildings, or Contaminate may cause inaccurate times.
  • Supply counts are checked every 10 seconds.